 Dungeon Crawl Stone Soup version 0.28.0-45-g0d030f2227 (webtiles) character file.

Game seed: 6780460291741179989

17 rageheart7 the Insei (level 2, -1/24 HPs)
             Began as a Demigod Transmuter on Apr 13, 2022.
             Succumbed to an adder's poison
             ... on level 2 of the Dungeon.
             The game lasted 00:01:19 (790 turns).

rageheart7 the Insei (Demigod Transmuter)            Turns: 790, Time: 00:01:19

Health: -1/24      AC:  2    Str: 11    XL:     2   Next: 30%
Magic:  7/7        EV: 12    Int: 15    God:
Gold:   34         SH:  4    Dex: 14    Spells: 3/4 levels left

rFire   . . .      SeeInvis .     - Unarmed
rCold   . . .      Faith    .   (no shield)
rNeg    . . .      Spirit   .   a - +0 robe
rPois   .          Reflect  .   (helmet currently unavailable)
rElec   .          Harm     .   (no cloak)
rCorr   .          Rampage  .   (no gloves)
Will    .....                   (boots currently unavailable)
Stlth   +.........              (no amulet)
HPRegen 0.08/turn               (no ring)
MPRegen 0.10/turn               (no ring)

@: lethally poisoned (-1 -> -8), appendages (expiring)
A: horns 2, talons 2, high MP 1, forlorn, divine attributes, large bone plates
1, sturdy frame 1
a: End Transformation


You were on level 2 of the Dungeon.
You had temporarily grown beastly horns and talons.
You visited 1 branch of the dungeon, and saw 2 of its levels.

You collected 34 gold pieces.

Inventory:

Armour
 a - a +0 robe (worn)
Potions
 c - a potion of attraction


   Skills:
 * Level 1.6 Fighting
 - Level 1.7 Dodging
 * Level 3.1 Unarmed Combat
 - Level 1.7 Spellcasting
 - Level 1.7 Transmutations


You had 3 spell levels left.
You knew the following spells:

 Your Spells              Type           Power      Damage    Failure   Level
a - Beastly Appendage     Tmut           12%        N/A       11%         1

Your spell library contained the following spells:

 Spells                   Type           Power      Damage    Failure   Level
 Wereblood                Tmut           6%         N/A       17%         2
 Spider Form              Tmut/Pois      3%         N/A       43%         3
 Ice Form                 Ice/Tmut       3%         N/A       85%         4


Dungeon Overview and Level Annotations

Branches:
Dungeon (2/15)


Innate Abilities, Weirdness & Mutations

You have temporarily grown beastly horns and talons.
You have an increased reservoir of magic. (+10% MP)
You shall have no god before yourself.
Your divine heritage dramatically boosts your attributes as you level up.
You are partially covered in large bone plates. (SH +4)
Your movements are slightly less encumbered by armour. (ER -2)


Message History

As you read the scroll labelled JECVER WORACAR, it crumbles to dust.
You speak a Word of immense power!
It was a scroll of holy word.
Your horns disappear.
Your talons disappear.
A rat comes into view.
The rat moves out of view.
A rat and an adder come into view.
There are monsters nearby!
Casting: Beastly Appendage (safe; 11% risk of failure)
Confirm with . or Enter, or press ? or * to list all spells.
You grow a pair of large bovine horns.
Your feet morph into talons.
The adder hisses angrily.
The rat barely misses you.
You hit the rat.
You kill the rat!
Your transformation is almost over.
You barely miss the adder. Your headbutt misses the adder. The adder bites you.
You miss the adder. The adder bites you. x2
You are poisoned.
The adder poisons you!
You are too injured to fight recklessly!
You are too injured to fight recklessly!
It was a potion of mutation.
You feel extremely strange.
You feel less encumbered by your armour.
You feel agile.
You feel clumsy.
Large bone plates grow over parts of your arms.
You feel sick. The adder bites you.
You closely miss the adder. Your punch misses the adder.
You feel sick. The adder bites you but does no damage.
You closely miss the adder. You claw the adder.
The adder is heavily wounded.
You feel sick. You block the adder's attack.
You closely miss the adder.
The adder is heavily wounded.
You feel sick. The adder bites you.
* * * LOW HITPOINT WARNING * * *
You are more poisoned.
The adder poisons you! The adder misses you.
You hit the adder.
The adder is severely wounded.
You die...

.. #.## ##..#
### #.... ...
#...# #.#
#...#...##
#.!S#....## .
#..@†...... ..
#...####...
...###...####.#
.....#........#
#......#####
##...#.#
###.#.###
##...#....
##.......♣


You could see an adder.

Vanquished Creatures
  A dart slug (D:1)
  5 ball pythons
  3 bats (D:1)
  An endoplasm (D:1)
  A goblin (D:1)
  A hobgoblin (D:1)
  A kobold (D:1)
  A frilled lizard (D:1)
  A rat (D:2)
15 creatures vanquished.

Notes
Turn   | Place    | Note
-------+----------+-------------------------------------------
     0 | D:1      | rageheart7 the Demigod Transmuter began the quest for the
                  | Orb.
     0 | D:1      | Reached XP level 1. HP: 15/15 MP: 5/5
    22 | D:1      | Reached skill level 1 in Fighting
   279 | D:1      | Reached skill level 3 in Unarmed Combat
   350 | D:1      | Reached XP level 2. HP: 13/23 MP: 5/7
   786 | D:2      | Gained mutation: Your movements are slightly less
                  | encumbered by armour. (ER -2) [potion of mutation]
   786 | D:2      | Gained mutation: You are agile. (Dex +2) [potion of
                  | mutation]
   786 | D:2      | Lost mutation: You are agile. (Dex +2) [potion of mutation]
   786 | D:2      | Gained mutation: You are partially covered in large bone
                  | plates. (SH +4) [potion of mutation]
   789 | D:2      | HP: 1/24 [adder (4)]
   790 | D:2      | Succumbed to an adder's poison

Illustrated notes

Levels and vault maps discovered:
D:1:      saegor_arrival_simple_a, layout_rooms, serial_bayou_ford_a
D:2:      layout_rooms, dreamdust_ecumenical_altar_statues,
          chequers_mini_garden, minmay_worlds_worst_comb

Skill      XL: |  1 |
---------------+----+-----
Fighting       | 1 |  1.6
Unarmed Combat | 3 |  3.1
Dodging        | |  1.7
Spellcasting   | |  1.7
Transmutations | |  1.7

Action                   || total
-------------------------++-------
Melee: Unarmed           ||    39
       Kick              ||    10
       Punch             ||     2
       Headbutt          ||     1
 Cast: Beastly Appendage ||    10
  Use: Scroll            ||     5
       Potion            ||     1
 Stab: Sleeping          ||     2
Armor: Robe              ||     2
Dodge: Dodged            ||    19
Block: Other             ||     1
